[Event "Chessable Masters - Torneo preliminare"]
[White "Sevian, Samuel"]
[Black "Praggnanandhaa, R"]
[WhiteFideId "2040506"]
[BlackFideId "25059530"]
[WhiteElo "2582"]
[BlackElo "2587"]
[Result "1/2-1/2"]
[Round "7"]
[TimeControl "600+2"]
[Date "2023.03.13"]
[WhiteClock "0:04:51"]
[BlackClock "0:06:15"]

1. e4 e5 2. Nf3 Nc6 3. Bb5 a6 4. Ba4 Bc5 5. O-O d6 6. c3 Bd7 7. d4 Ba7 8. Re1 Nge7 9. Be3 O-O 10. Nbd2 f6 11. h3 Kh8 12. Nf1 Be8 13. Ng3 exd4 14. Nxd4 Nxd4 15. Bxd4 Bxa4 16. Qxa4 Qe8 17. Qxe8 Rfxe8 18. Rad1 Kg8 19. f3 Kf7 20. Ne2 a5 21. a4 Nc6 22. Bxa7 Rxa7 23. Nf4 Rb8 24. c4 b6 1/2-1/2


[Site "Internet"]

[Event "Chessable Masters - Torneo preliminare"]
[White "Wei, Yi"]
[Black "Artemiev, Vladislav"]
[WhiteFideId "8603405"]
[BlackFideId "24101605"]
[WhiteElo "2716"]
[BlackElo "2735"]
[Result "0-1"]
[Round "7"]
[TimeControl "600+2"]
[Date "2023.03.13"]
[WhiteClock "0:00:02"]
[BlackClock "0:00:05"]

1. e4 e5 2. Nf3 Nc6 3. Bb5 Nf6 4. O-O Nxe4 5. Re1 Nd6 6. a4 Be7 7. Nc3 a6 8. Bf1 e4 9. Nxe4 Nxe4 10. Rxe4 d5 11. Re1 Bg4 12. h3 Bh5 13. Be2 O-O 14. d4 Re8 15. Ne5 Bxe2 16. Rxe2 Qd6 17. Bf4 Nxe5 18. Bxe5 Qd7 19. Qd3 Bf8 20. b3 f6 21. Bf4 Rxe2 22. Qxe2 Re8 23. Qd2 c6 24. Re1 Rxe1+ 25. Qxe1 Qf5 26. Bc7 Kf7 27. Qa5 Ke8 28. Qb6 Qc8 29. c4 Be7 30. Kh2 h5 31. h4 Kf7 32. f3 Ke8 33. Bg3 Kf7 34. Kg1 Bd8 35. Qb4 Qd7 36. Qc3 f5 37. Bf2 dxc4 38. bxc4 Bf6 39. Qd3 b5 40. axb5 axb5 41. cxb5 cxb5 42. Qb3+ Kg6 43. d5 Be7 44. Bd4 Bxh4 45. Bc5 Bg3 46. Bb4 Qa7+ 47. Kh1 Qa1+ 0-1


[Site "Internet"]

[Event "Chessable Masters - Torneo preliminare"]
[White "Abdusattorov, Nodirbek"]
[Black "Gukesh, D"]
[WhiteFideId "14204118"]
[BlackFideId "46616543"]
[WhiteElo "2714"]
[BlackElo "2629"]
[Result "1-0"]
[Round "7"]
[TimeControl "600+2"]
[Date "2023.03.13"]
[WhiteClock "0:00:25"]
[BlackClock "0:00:06"]

1. e4 c6 2. d4 d5 3. e5 Bf5 4. Nc3 e6 5. g4 Bg6 6. Nge2 c5 7. h4 Nc6 8. h5 Be4 9. Nxe4 dxe4 10. c3 cxd4 11. Nxd4 Bc5 12. Nxc6 Bxf2+ 13. Ke2 Qxd1+ 14. Kxd1 bxc6 15. Bf4 Ne7 16. Ke2 Bc5 17. Bg2 Nd5 18. Bg3 Rb8 19. Rab1 Ba3 20. c4 Rxb2+ 21. Rxb2 Nc3+ 22. Kd2 Bxb2 23. Kc2 Ne2 24. Kxb2 Nxg3 25. Re1 Kd7 26. Re3 Nf5 27. Ra3 Rb8+ 28. Kc3 Rb7 29. gxf5 exf5 30. Ra6 Ke6 31. Rxc6+ Kxe5 32. Rc8 g5 33. Re8+ Kf4 34. c5 Rb1 35. Re7 Kg3 36. Bxe4 fxe4 37. Rxf7 h6 38. Kd4 Rb4+ 39. Ke3 Rc4 40. Rf6 Rxc5 41. Rxh6 Ra5 42. Kxe4 Rxa2 43. Rc6 Rh2 44. Kf5 Rh1 45. Kxg5 Kf3 46. h6 Rg1+ 47. Kf6 Rh1 48. Kg7 Ke4 49. h7 1-0


[Site "Internet"]

[Event "Chessable Masters - Torneo preliminare"]
[White "Dubov, Daniil"]
[Black "Yakubboev, Nodirbek"]
[WhiteFideId "24126055"]
[BlackFideId "14203987"]
[WhiteElo "2727"]
[BlackElo "2577"]
[Result "1/2-1/2"]
[Round "7"]
[TimeControl "600+2"]
[Date "2023.03.13"]
[WhiteClock "0:01:41"]
[BlackClock "0:04:53"]

1. d4 Nf6 2. c4 e6 3. Nc3 Bb4 4. e3 O-O 5. Bd3 d5 6. a3 Bxc3+ 7. bxc3 dxc4 8. Bxc4 c5 9. Ne2 Qc7 10. Ba2 b6 11. O-O Rd8 12. Bb2 Ba6 13. Rc1 Nc6 14. c4 Ne7 15. Ng3 Bb7 16. d5 exd5 17. Bxf6 gxf6 18. cxd5 Bxd5 19. Bxd5 Rxd5 20. Qf3 Qe5 21. Rc4 f5 22. e4 Rd4 23. Rxd4 cxd4 24. exf5 Rd8 25. Rd1 Kh8 26. h4 Nd5 27. Ne4 f6 28. h5 1/2-1/2


[Site "Internet"]

[Event "Chessable Masters - Torneo preliminare"]
[White "Vachier-Lagrave, Maxime"]
[Black "Pantsulaia, Levan"]
[WhiteFideId "623539"]
[BlackFideId "13602071"]
[WhiteElo "2762"]
[BlackElo "2533"]
[Result "1-0"]
[Round "7"]
[TimeControl "600+2"]
[Date "2023.03.13"]
[WhiteClock "0:03:44"]
[BlackClock "0:00:21"]

1. e4 c6 2. d4 d5 3. e5 Bf5 4. Nf3 e6 5. Be2 Nd7 6. O-O a5 7. a4 f6 8. exf6 Ngxf6 9. Nh4 Bd6 10. Nxf5 exf5 11. Bd3 g6 12. Re1+ Kf7 13. Nd2 Ne4 14. Nf3 Re8 15. c4 dxc4 16. Bxc4+ Kg7 17. Qb3 Qb6 18. Qc2 Ndf6 19. h3 Nd5 20. Be3 Bb4 21. Bxd5 cxd5 22. Rec1 Bd6 23. Ne5 Rac8 24. Qd3 h6 25. g3 Rcd8 26. Rd1 Qa6 27. Qb3 Nf6 28. Rac1 Re7 29. Rc2 Rc7 30. Rxc7+ Bxc7 31. Rc1 Bd6 32. Bxh6+ Kh7 33. Bg5 Rf8 34. Bxf6 Rxf6 35. Qxd5 Kg7 36. Rc8 1-0


[Site "Internet"]

[Event "Chessable Masters - Torneo preliminare"]
[White "Lazavik, Denis"]
[Black "Chigaev, Maksim"]
[WhiteFideId "13515110"]
[BlackFideId "4108116"]
[WhiteElo "2488"]
[BlackElo "2568"]
[Result "1/2-1/2"]
[Round "7"]
[TimeControl "600+2"]
[Date "2023.03.13"]
[WhiteClock "0:00:13"]
[BlackClock "0:00:12"]

1. d4 Nf6 2. c4 g6 3. g3 c5 4. dxc5 Bg7 5. Bg2 Qa5+ 6. Nc3 Qxc5 7. Bd2 O-O 8. Rc1 Nc6 9. b3 Rd8 10. e4 Nb4 11. Qe2 Qd6 12. Kf1 Qd3 13. Nh3 d6 14. Nf4 Qxe2+ 15. Kxe2 Bg4+ 16. f3 Bd7 17. Rhd1 Kf8 18. Be3 Nc6 19. Kf2 Be8 20. Bf1 Rac8 21. Be2 Nd7 22. g4 h6 23. h4 Nc5 24. Nd3 b6 25. Nd5 Nd4 26. Bf1 Nc6 27. g5 h5 28. N3f4 e6 29. Nf6 Ke7 30. Ne2 Nd7 31. Nxe8 Kxe8 32. Rxd6 Nc5 33. Rcd1 Rxd6 34. Rxd6 Nb4 35. Nc1 Bb2 36. Bxc5 bxc5 37. Nd3 Ke7 38. e5 Nxd3+ 39. Bxd3 Bxe5 40. Ra6 Rc7 41. Be4 Bf4 42. a3 Bd6 43. Ra5 Kd7 44. Ra6 Ke7 45. Ra5 Kd7 46. Ra6 Ke7 1/2-1/2


[Site "Internet"]

[Event "Chessable Masters - Torneo preliminare"]
[White "Keymer, Vincent"]
[Black "Alonso Rosell, Alvar"]
[WhiteFideId "12940690"]
[BlackFideId "2270544"]
[WhiteElo "2630"]
[BlackElo "2473"]
[Result "1/2-1/2"]
[Round "7"]
[TimeControl "600+2"]
[Date "2023.03.13"]
[WhiteClock "0:00:06"]
[BlackClock "0:00:22"]

1. Nf3 d5 2. e3 Nf6 3. c4 e6 4. Nc3 b6 5. cxd5 exd5 6. g3 Bd6 7. Bg2 O-O 8. O-O Re8 9. Re1 Bb7 10. b3 Nbd7 11. Bb2 a6 12. Rc1 Qe7 13. d3 Rad8 14. Re2 Ne5 15. Rec2 Nxf3+ 16. Qxf3 Ba8 17. d4 Ne4 18. a4 Nxc3 19. Bxc3 a5 20. Bb2 Qg5 21. Ra1 Qg6 22. Qd1 h5 23. Ba3 h4 24. Bxd6 Qxd6 25. gxh4 Re6 26. h5 Bb7 27. Qg4 c6 28. Kh1 Rh6 29. Qg5 Re8 30. Rg1 Bc8 31. Bf3 Qf6 32. Qxf6 Rxf6 33. Kg2 Bf5 34. Rc3 Ree6 35. Rgc1 Be4 36. Bxe4 dxe4 37. Rc4 Rh6 38. h3 Kf8 39. b4 axb4 40. Rxb4 Rxh5 41. Rxb6 Rg6+ 42. Kf1 Rxh3 43. Rbxc6 Rxc6 44. Rxc6 Rh1+ 45. Kg2 Ra1 46. Rc5 Rxa4 47. Re5 g6 48. Rxe4 Ra5 49. Kf3 Rf5+ 50. Rf4 Ra5 51. Rh4 Ke7 52. Ke4 f5+ 53. Kf3 g5 54. Rh6 Ra2 55. Rg6 g4+ 56. Kg3 Kf7 57. Rh6 Rd2 58. Rh2 Kg6 59. Rg2 Rd3 60. Kf4 Kf6 61. f3 gxf3 62. Kxf3 Rd1 63. Ra2 Rf1+ 64. Ke2 Rb1 65. Ra6+ Ke7 66. Rc6 Kd7 67. Rf6 Rb5 68. Kf3 Ke7 69. Ra6 Rb1 70. Kf4 Re1 71. d5 Kd7 72. Rf6 Rf1+ 73. Ke5 Rf3 74. Rf7+ Ke8 75. Rxf5 Rxe3+ 76. Kd6 Ra3 77. Re5+ Kd8 78. Ke6 Rh3 79. Kd6 Ra3 80. Rf5 Ra6+ 81. Ke5 Ke7 82. Rh5 Rb6 83. Rh7+ Ke8 84. Rg7 Kd8 85. Rf7 Ke8 86. Rf4 Ke7 87. Ra4 Rh6 88. Ra7+ Ke8 89. Kd4 Kd8 90. Kc5 Kc8 91. Re7 Kd8 92. Re5 Kc7 93. Re6 Rh1 94. Re7+ Kd8 95. Kd6 Ra1 96. Rc7 Ra6+ 97. Rc6 Ra1 98. Rb6 Kc8 99. Ke7 Re1+ 100. Re6 Rh1 101. Rc6+ Kb7 102. Rf6 Kc8 103. Rf8+ Kc7 104. d6+ Kc6 105. Rc8+ Kd5 106. d7 Rh7+ 107. Ke8 Rh8+ 108. Kf7 Rh7+ 109. Ke8 Rh8+ 110. Ke7 Rh7+ 111. Ke8 1/2-1/2


[Site "Internet"]

[Event "Chessable Masters - Torneo preliminare"]
[White "Kramnik, Vladimir"]
[Black "Anton Guijarro, David"]
[WhiteFideId "4101588"]
[BlackFideId "2285525"]
[WhiteElo "2756"]
[BlackElo "2635"]
[Result "1-0"]
[Round "7"]
[TimeControl "600+2"]
[Date "2023.03.13"]
[WhiteClock "0:03:52"]
[BlackClock "0:02:23"]

1. c4 e5 2. Nc3 Bb4 3. Nd5 a5 4. Nf3 d6 5. a3 Bc5 6. e3 c6 7. d4 Ba7 8. Nc3 Nd7 9. dxe5 dxe5 10. b4 Ngf6 11. Bd3 Qe7 12. Qc2 O-O 13. O-O Re8 14. Nd2 Bb8 15. Rb1 h5 16. h3 h4 17. Rd1 g6 18. c5 axb4 19. axb4 Nf8 20. Bb2 N8h7 21. Nde4 Nxe4 22. Nxe4 Ng5 23. Nd6 Bxd6 24. cxd6 Qxd6 25. f4 Nh7 26. Bc4 Qf6 27. Bxe5 Qf5 28. e4 Qh5 29. Bb2 Be6 30. Qc3 f6 31. Rd6 Bxc4 32. Qxc4+ Kf8 33. Bxf6 Qb5 34. Bg7+ Kxg7 35. Rd7+ Kh6 36. Qf7 Rh8 37. Qg7+ Kh5 38. Qxh7+ Rxh7 39. Rxh7# 1-0


[Site "Internet"]

[Event "Chessable Masters - Torneo preliminare"]
[White "Firouzja, Alireza"]
[Black "Vokhidov, Shamsiddin"]
[WhiteFideId "12573981"]
[BlackFideId "14204223"]
[WhiteElo "2745"]
[BlackElo "2514"]
[Result "1/2-1/2"]
[Round "7"]
[TimeControl "600+2"]
[Date "2023.03.13"]
[WhiteClock "0:00:12"]
[BlackClock "0:00:15"]

1. e4 c5 2. Nf3 e6 3. d4 cxd4 4. Nxd4 Nc6 5. Nc3 Qc7 6. Be2 a6 7. Nxc6 bxc6 8. Qd3 d5 9. Qg3 Qxg3 10. hxg3 Nf6 11. exd5 cxd5 12. Na4 Bb7 13. Bf4 Nd7 14. Bf3 Bc6 15. Nc3 g6 16. O-O-O Bg7 17. Bd6 O-O-O 18. Be2 Kb7 19. Rh4 d4 20. Ne4 f5 21. Ng5 Bf6 22. Nf7 Bxh4 23. gxh4 e5 24. Nxh8 Rxh8 25. f4 Re8 26. fxe5 Nxe5 27. Rxd4 Bxg2 28. Rb4+ Kc6 29. Bxe5 Rxe5 30. Bxa6 Be4 31. a4 Re7 32. Kd2 h6 33. a5 g5 34. Rb6+ Kc7 35. Bd3 g4 36. Bxe4 Rxe4 37. Rxh6 f4 38. Rh7+ Kb8 39. Kd3 Re1 40. Kd2 Re4 41. h5 f3 42. h6 g3 43. Rg7 f2 44. h7 Rh4 45. Ke2 Re4+ 46. Kf3 f1=Q+ 47. Kxe4 Qe2+ 48. Kf4 Qf2+ 49. Kg5 Qe3+ 50. Kh5 Qe2+ 51. Rg4 Qe5+ 52. Rg5 Qe8+ 53. Kh4 Qe4+ 54. Kxg3 Qxh7 55. c3 Ka7 56. Rg4 Qc7+ 57. Kf2 Qxa5 58. Rb4 Qe5 59. Kf3 Ka6 60. Kf2 Ka5 61. Kf3 Qe1 62. Kf4 Qe2 63. Kf5 Qe3 64. Kf6 Qf3+ 65. Ke5 Qd3 66. Kf4 1/2-1/2


[Site "Internet"]

[Event "Chessable Masters - Torneo preliminare"]
[White "Bluebaum, Matthias"]
[Black "Andreikin, Dmitry"]
[WhiteFideId "24651516"]
[BlackFideId "4158814"]
[WhiteElo "2601"]
[BlackElo "2628"]
[Result "1/2-1/2"]
[Round "7"]
[TimeControl "600+2"]
[Date "2023.03.13"]
[WhiteClock "0:10:02"]
[BlackClock "0:10:14"]

1. d4 d5 2. c4 e6 3. Nc3 Nf6 4. cxd5 exd5 5. Bg5 c6 6. e3 Bf5 7. Qf3 h6 8. Bh4 Bh7 9. Bxf6 Qxf6 10. Qxf6 gxf6 11. Kd2 Nd7 12. Bd3 Bxd3 13. Kxd3 Rg8 14. g3 f5 1/2-1/2


[Site "Internet"]

[Event "Chessable Masters - Torneo preliminare"]
[White "Mamedyarov, Shakhriyar"]
[Black "Tabatabaei, M. Amin"]
[WhiteFideId "13401319"]
[BlackFideId "12521213"]
[WhiteElo "2703"]
[BlackElo "2558"]
[Result "0-1"]
[Round "7"]
[TimeControl "600+2"]
[Date "2023.03.13"]
[WhiteClock "0:00:57"]
[BlackClock "0:02:47"]

1. d4 Nf6 2. c4 e6 3. Nc3 d5 4. Nf3 dxc4 5. e4 b5 6. e5 Nd5 7. Nxb5 Nb6 8. Be2 Be7 9. O-O Nc6 10. Qd2 O-O 11. Rd1 Rb8 12. Nc3 Bb7 13. Qf4 Nb4 14. Qg4 Kh8 15. Ne4 f5 16. exf6 gxf6 17. Nc5 Rg8 18. Qxe6 Bc8 19. Qe4 Rg4 20. Qb1 Qd5 21. Be3 Bf5 22. Qc1 Nc2 23. g3 Rbg8 24. Ne1 Nxe1 25. Rxe1 Bd6 26. Bxg4 Bxg4 27. Qc2 Bf3 28. Bd2 Qh5 29. Qc3 Bxg3 30. fxg3 Rxg3+ 0-1


[Site "Internet"]

[Event "Chessable Masters - Torneo preliminare"]
[White "Kravtsiv, Martyn"]
[Black "Salem, A.R. Saleh"]
[WhiteFideId "14113147"]
[BlackFideId "9301348"]
[WhiteElo "2675"]
[BlackElo "2654"]
[Result "1/2-1/2"]
[Round "7"]
[TimeControl "600+2"]
[Date "2023.03.13"]
[WhiteClock "0:00:14"]
[BlackClock "0:00:20"]

1. e4 e5 2. Nf3 Nc6 3. Nc3 Nf6 4. a4 Be7 5. d4 exd4 6. Nxd4 Bb4 7. Nxc6 bxc6 8. Bd3 O-O 9. O-O d5 10. Bd2 Rb8 11. Re1 dxe4 12. Nxe4 Bxd2 13. Qxd2 Nxe4 14. Rxe4 Bf5 15. Re3 Bxd3 16. Rxd3 Qf6 17. c3 Rb3 18. Rd1 h6 19. h3 c5 20. Rd8 Rb8 21. Rxf8+ Kxf8 22. Qd7 Qe7 23. a5 g6 24. Rd2 a6 25. Qd3 Rb5 26. Re2 Qd6 27. Qe3 Kg7 28. Rd2 Qf6 29. Rd5 Rxb2 30. Rxc5 Rb1+ 31. Kh2 Rf1 32. f3 Ra1 33. Qe5 Qxe5+ 34. Rxe5 g5 35. Rc5 Ra2 36. Kg3 Ra4 37. c4 Kg6 38. Rc6+ f6 39. Rxa6 Rxc4 40. Ra8 Ra4 41. a6 Ra2 42. Rc8 Rxa6 1/2-1/2


[Site "Internet"]

[Event "Chessable Masters - Torneo preliminare"]
[White "Alekseenko, Kirill"]
[Black "Sadhwani, Raunak"]
[WhiteFideId "4135539"]
[BlackFideId "35093487"]
[WhiteElo "2632"]
[BlackElo "2550"]
[Result "0-1"]
[Round "7"]
[TimeControl "600+2"]
[Date "2023.03.13"]
[WhiteClock "0:01:19"]
[BlackClock "0:00:58"]

1. e4 e5 2. Nf3 Nc6 3. Bb5 Nf6 4. d3 Bc5 5. Bxc6 dxc6 6. Nbd2 Be6 7. O-O Bd6 8. b3 Qe7 9. Nc4 Bxc4 10. bxc4 Nd7 11. Be3 O-O 12. Kh1 Nc5 13. Rb1 b6 14. Ng1 Ne6 15. Qg4 Bc5 16. Nf3 f6 17. Bxc5 Nxc5 18. Nh4 Qd7 19. Nf5 Kh8 20. f4 g6 21. Ne3 Qxg4 22. Nxg4 exf4 23. Rxf4 Kg7 24. Rbf1 Nd7 25. d4 Rae8 26. h4 h5 27. Ne3 Re7 28. g4 Rfe8 29. gxh5 Rxe4 30. Ng4 Rxf4 31. h6+ Kh7 32. Rxf4 f5 33. Kg2 Re7 34. Nf2 Kxh6 35. Rf3 Re2 36. Ra3 Nf6 37. Kf3 Rxc2 38. Rxa7 Rxc4 39. Rxc7 Nd5 40. Rc8 Rxd4 41. Rxc6 Rxh4 42. Rd6 Rd4 43. a4 Kh5 44. Nh3 Rd3+ 45. Ke2 Rxh3 46. Rxd5 Rh4 0-1


[Site "Internet"]

[Event "Chessable Masters - Torneo preliminare"]
[White "Kosteniuk, Alexandra"]
[Black "Martinez Alcantara, Jose Eduardo"]
[WhiteFideId "4128125"]
[BlackFideId "3805662"]
[WhiteElo "2524"]
[BlackElo "2643"]
[Result "1/2-1/2"]
[Round "7"]
[TimeControl "600+2"]
[Date "2023.03.13"]
[WhiteClock "0:09:34"]
[BlackClock "0:09:39"]

1. e4 e5 2. Nf3 Nf6 3. Nxe5 d6 4. Nf3 Nxe4 5. d3 Nf6 6. d4 Be7 7. Bd3 O-O 8. O-O Nbd7 9. Nbd2 b6 10. Ne4 Bb7 11. Re1 Nxe4 12. Bxe4 Bxe4 13. Rxe4 Nf6 14. Re2 c6 15. Qd3 Qd7 1/2-1/2


[Site "Internet"]

[Event "Chessable Masters - Torneo preliminare"]
[White "Fier, Alexandr"]
[Black "Giri, Anish"]
[WhiteFideId "2107139"]
[BlackFideId "24116068"]
[WhiteElo "2504"]
[BlackElo "2714"]
[Result "1/2-1/2"]
[Round "7"]
[TimeControl "600+2"]
[Date "2023.03.13"]
[WhiteClock "0:08:39"]
[BlackClock "0:05:47"]

1. e4 c5 2. Nf3 Nc6 3. d4 cxd4 4. Nxd4 e5 5. Nb5 d6 6. c4 g6 7. Bd3 a6 8. N5c3 Bg7 9. Nd5 Nf6 10. Bg5 h6 11. Be3 Nxd5 12. cxd5 Ne7 13. O-O O-O 14. Nd2 f5 15. f3 b5 16. a4 Bd7 17. axb5 Bxb5 18. Bxb5 axb5 19. Qb3 Qd7 20. Ra3 Rxa3 21. bxa3 Kh7 22. Rb1 Qc7 1/2-1/2


[Site "Internet"]

[Event "Chessable Masters - Torneo preliminare"]
[White "Chirila, Ioan-Cristian"]
[Black "Yu, Yangyi"]
[WhiteFideId "1211668"]
[BlackFideId "8603820"]
[WhiteElo "2508"]
[BlackElo "2734"]
[Result "0-1"]
[Round "7"]
[TimeControl "600+2"]
[Date "2023.03.13"]
[WhiteClock "0:00:06"]
[BlackClock "0:02:14"]

1. d4 Nf6 2. c4 e6 3. Nf3 h6 4. g3 Bb4+ 5. Nbd2 d5 6. Bg2 O-O 7. O-O a5 8. Qc2 Nc6 9. Rd1 a4 10. a3 Be7 11. e4 Bd7 12. e5 Nh7 13. h4 Na5 14. cxd5 exd5 15. Nf1 Nb3 16. Rb1 Be6 17. Ne3 Qd7 18. Bd2 c5 19. Bc3 Rfc8 20. Qe2 Nf8 21. dxc5 Bxc5 22. Nd4 Bxd4 23. Bxd4 Ra5 24. Bc3 Rb5 25. Bf1 Rb6 26. Nc2 Bg4 27. f3 Bf5 28. g4 Bh7 29. Qf2 Re6 30. Bd3 Bxd3 31. Rxd3 h5 32. gxh5 Rh6 33. Ne3 d4 34. Ng4 Rxh5 35. Bb4 Ng6 36. Qg3 Nc1 37. Rd2 Qf5 38. Kg2 Qxb1 39. e6 fxe6 40. Rxd4 Ne2 0-1


[Site "Internet"]

[Event "Chessable Masters - Torneo preliminare"]
[White "Durarbayli, Vasif"]
[Black "Nguyen, Ngoc Truong Son"]
[WhiteFideId "13402935"]
[BlackFideId "12401110"]
[WhiteElo "2531"]
[BlackElo "2585"]
[Result "1/2-1/2"]
[Round "7"]
[TimeControl "600+2"]
[Date "2023.03.13"]
[WhiteClock "0:00:10"]
[BlackClock "0:00:23"]

1. e4 c5 2. Nf3 Nc6 3. Bb5 g6 4. O-O Bg7 5. c3 Nf6 6. Re1 O-O 7. d4 cxd4 8. cxd4 d5 9. e5 Ne4 10. Be3 Qb6 11. Bxc6 bxc6 12. Qc1 f6 13. Nc3 Bf5 14. exf6 exf6 15. Nd2 Nxc3 16. Qxc3 Rfe8 17. Rac1 Bd7 18. Nb3 Bf8 19. Nc5 Bf5 20. b3 Kf7 21. Na4 Bb4 22. Nxb6 Bxc3 23. Rxc3 axb6 24. Rxc6 Re6 25. Rc7+ Re7 26. Rxe7+ Kxe7 27. Re2 Rc8 28. Bf4+ Kd7 29. f3 Rc2 30. Kf2 Rxe2+ 31. Kxe2 h5 32. h4 Bb1 33. Kd2 Bf5 34. Kc3 Be6 35. a4 Kc6 36. Bh6 Bc8 37. Bg7 f5 38. b4 b5 39. a5 Kd7 40. Kd2 Ke6 41. Ke3 Bb7 42. Kf4 Bc8 43. Kg5 Kf7 44. Be5 Bb7 45. Bf4 Bc8 46. Kh6 Bb7 47. Be5 Bc8 48. Kg5 Bb7 49. g3 Bc8 50. Kf4 Ke6 51. Bg7 Bb7 52. Bh6 Bc8 53. Bg5 Bb7 54. Bd8 Bc8 55. Bb6 Bb7 56. Bc7 Bc8 57. Be5 Bb7 58. Kg5 Kf7 59. Bf4 Bc8 60. Be3 Bb7 61. Bf2 Bc8 62. Be1 Bb7 63. g4 fxg4 64. f4 Bc8 65. Bg3 Kg7 66. Be1 Kf7 67. Bf2 Kg7 68. Bg3 Kf7 69. f5 Bxf5 70. a6 Bc8 71. a7 Bb7 72. Be5 Ba8 73. Bg3 Bb7 74. Be5 Ba8 75. Bg3 Bb7 1/2-1/2


[Site "Internet"]

[Event "Chessable Masters - Torneo preliminare"]
[White "Meier, Georg"]
[Black "Bok, Benjamin"]
[WhiteFideId "4675789"]
[BlackFideId "1017063"]
[WhiteElo "2624"]
[BlackElo "2608"]
[Result "1-0"]
[Round "7"]
[TimeControl "600+2"]
[Date "2023.03.13"]
[WhiteClock "0:00:31"]
[BlackClock "0:00:04"]

1. Nf3 d5 2. g3 g6 3. d4 Bg7 4. Bg2 Nf6 5. c4 c6 6. cxd5 cxd5 7. Nc3 O-O 8. Ne5 Bf5 9. O-O Ne4 10. Bf4 Nxc3 11. bxc3 Nc6 12. Nxc6 bxc6 13. Qb3 Qb6 14. Rfc1 Rfe8 15. e3 Bd3 16. Qd1 Qa6 17. Bf1 Bxf1 18. Qxf1 Qxf1+ 19. Kxf1 e5 20. dxe5 Bxe5 21. Bxe5 Rxe5 22. Rab1 Re4 23. Rb7 Ra4 24. Rc2 Re8 25. Rc7 Re6 26. Ke2 g5 27. h3 h5 28. Kd3 Kg7 29. Rb2 g4 30. hxg4 hxg4 31. Rb4 Rxb4 32. cxb4 Rf6 33. Ke2 Re6 34. Rxa7 d4 35. a4 dxe3 36. fxe3 Rh6 37. a5 Rh3 38. Rc7 Rxg3 39. Rxc6 Rg2+ 40. Kf1 Rb2 41. Rb6 f6 42. a6 Kg6 43. b5 Ra2 44. Rb8 Kf5 45. b6 Rxa6 46. b7 Rb6 47. Kg2 Rb2+ 48. Kg3 Rb3 49. Kf2 Rb2+ 50. Ke1 g3 51. Kf1 Rb1+ 52. Kg2 Rb3 53. Kh3 Rb2 54. Kxg3 Rb3 55. Kf3 Rb1 56. e4+ 1-0


[Site "Internet"]

[Event "Chessable Masters - Torneo preliminare"]
[White "Oparin, Grigoriy"]
[Black "Petrov, Nikita"]
[WhiteFideId "24125890"]
[BlackFideId "4101286"]
[WhiteElo "2650"]
[BlackElo "2514"]
[Result "1-0"]
[Round "7"]
[TimeControl "600+2"]
[Date "2023.03.13"]
[WhiteClock "0:00:51"]
[BlackClock "0:00:05"]

1. d4 Nf6 2. c4 e6 3. Nf3 d5 4. g3 Bb4+ 5. Bd2 Be7 6. Bg2 O-O 7. O-O Nbd7 8. Bc3 b6 9. cxd5 exd5 10. Nbd2 Bb7 11. Rc1 Re8 12. Ne5 c5 13. dxc5 bxc5 14. Nxd7 Nxd7 15. Nc4 Nb6 16. Na5 Ba6 17. Nc6 Qd6 18. Nxe7+ Qxe7 19. Re1 d4 20. Bxa8 dxc3 21. Bf3 cxb2 22. Rb1 Rd8 23. Qb3 Nc4 24. Rxb2 Nxb2 25. Qxb2 c4 26. Rc1 h6 27. h4 Qc5 28. Qc3 Bb5 29. Qa5 Qb6 30. Qb4 a5 31. Qc3 Ba6 32. Qe5 Qb4 33. e3 Qa3 34. Rc2 Qa4 35. Rb2 Qa3 36. Rb8 Qf8 37. Rb6 Bc8 38. Bd5 c3 39. e4 Be6 40. Rc6 Bxd5 41. exd5 Qa3 42. d6 Qxa2 43. d7 Qa3 44. Rc8 1-0


[Site "Internet"]

[Event "Chessable Masters - Torneo preliminare"]
[White "Harikrishna, Pentala"]
[Black "Terry, Renato"]
[WhiteFideId "5007003"]
[BlackFideId "3803457"]
[WhiteElo "2627"]
[BlackElo "2472"]
[Result "0-1"]
[Round "7"]
[TimeControl "600+2"]
[Date "2023.03.13"]
[WhiteClock "0:00:05"]
[BlackClock "0:00:19"]

1. Nf3 d5 2. g3 Nf6 3. Bg2 c6 4. O-O Bg4 5. h3 Bh5 6. d4 Nbd7 7. c4 e6 8. cxd5 cxd5 9. Qb3 Qb6 10. Nc3 Be7 11. Qa4 Bxf3 12. Bxf3 O-O 13. e3 Rfc8 14. Qb3 Rc6 15. Bd2 Qxb3 16. axb3 Rb6 17. Bd1 a6 18. Na4 Rb5 19. Rc1 Kf8 20. f3 Ke8 21. Rf2 Bb4 22. Nc3 Rb6 23. Be1 Kd8 24. g4 h6 25. Kf1 Rc8 26. Rfc2 Rbc6 27. Bg3 Bd6 28. Bf2 g5 29. h4 R6c7 30. Be1 Rc6 31. Ne2 Rxc2 32. Rxc2 Rxc2 33. Bxc2 Nb8 34. Ng1 Ne8 35. Nh3 f6 36. f4 gxf4 37. exf4 Nc6 38. Bf2 Ke7 39. Be3 h5 40. g5 Bc7 41. f5 exf5 42. Bxf5 Ng7 43. Bg6 Ke6 44. Kf2 fxg5 45. Nxg5+ Kf6 46. Bd3 Bb6 47. Nh7+ Kf7 48. Ng5+ Ke7 49. Nf3 Kf6 50. Bh7 Ne6 51. Bg8 Ne7 52. Bg5+ Nxg5 53. hxg5+ Kf5 54. Bf7 h4 55. g6 Kf6 56. Kg2 Nxg6 57. Bxg6 Kxg6 58. Nxh4+ Kg5 59. Nf3+ Kf4 60. Kf2 Ke4 61. Ke2 Bxd4 62. Nd2+ Kf4 63. Kd3 Bxb2 64. b4 b6 65. Nb3 Ke5 66. Nd2 Kd6 67. Kc2 Bf6 68. Kb3 Ke6 69. Kc2 Kf5 70. Kd3 Be7 71. b5 a5 72. Nb3 Bf6 73. Nc1 Ke6 74. Kc2 Ke5 75. Ne2 Ke4 76. Ng3+ Kd4 77. Kb3 Kc5 78. Ka4 Be5 79. Ne2 d4 80. Nc1 Kc4 81. Nb3 Bf4 0-1


[Site "Internet"]

[Event "Chessable Masters - Torneo preliminare"]
[White "Narayanan, Srinath"]
[Black "Bachmann, Axel"]
[WhiteFideId "5018420"]
[BlackFideId "3700488"]
[WhiteElo "2482"]
[BlackElo "2618"]
[Result "0-1"]
[Round "7"]
[TimeControl "600+2"]
[Date "2023.03.13"]
[WhiteClock "0:00:10"]
[BlackClock "0:00:13"]

1. Nf3 Nf6 2. c4 e6 3. g3 d5 4. d4 Bb4+ 5. Bd2 a5 6. Bg2 O-O 7. O-O dxc4 8. Qc2 Bxd2 9. Nbxd2 b5 10. a4 c6 11. b3 cxb3 12. Nxb3 Ba6 13. Ne5 bxa4 14. Nc5 Qxd4 15. Nxc6 Nxc6 16. Bxc6 Rac8 17. Nxa6 Qb6 18. Qxa4 Qxa6 19. Bb5 Qb7 20. Qxa5 Rc5 21. Ba6 Qd5 22. Qb4 Qf5 23. Kg2 h5 24. Bd3 Qd5+ 25. Kg1 Rfc8 26. Rfd1 Qe5 27. Ba6 Ra8 28. Qd4 Qc7 29. Bd3 Re8 30. f3 e5 31. Qa4 g6 32. Qa7 Qc8 33. Ba6 Qc6 34. Bd3 e4 35. Ra6 exd3 36. Rxc6 dxe2 37. Re1 Rxc6 38. Rxe2 Rc1+ 39. Kf2 Rxe2+ 40. Kxe2 Rc2+ 41. Kd3 Rxh2 42. g4 Rh3 43. g5 Nh7 44. Qb8+ Nf8 45. Ke3 Rh1 46. Kf2 Rd1 47. f4 Rd5 48. Kg3 Rf5 49. Qc8 Kg7 50. Qc3+ Kh7 51. Qc7 Ne6 52. Qd7 Rxf4 53. Qe7 Rf5 54. Kh4 Kg7 55. Qa7 Rxg5 56. Qa1+ Kh7 57. Qa7 Rf5 58. Qe7 Kg7 59. Qa7 Rf4+ 60. Kg3 h4+ 61. Kg2 g5 62. Qa1+ Kg6 63. Qh8 Ng7 64. Qa8 g4 65. Qc6+ Ne6 66. Qc2+ Kg5 67. Qd2 Nd4 68. Qa5+ Nf5 69. Qd8+ Kg6 70. Qg8+ Ng7 71. Qd8 h3+ 72. Kh2 Rf3 73. Qh4 f5 74. Qe1 Nh5 75. Qd2 Nf6 76. Qd4 Rb3 77. Qe5 Rd3 78. Qb2 Ne4 79. Qb6+ Rd6 80. Qb8 Rd2+ 81. Kh1 g3 82. Qg8+ Kh5 83. Qh7+ Kg4 84. Qg6+ Ng5 85. Qb6 Rd1+ 86. Qg1 g2+ 0-1


[Site "Internet"]

[Event "Chessable Masters - Torneo preliminare"]
[White "Pichot, Alan"]
[Black "Pap, Gyula"]
[WhiteFideId "110973"]
[BlackFideId "725323"]
[WhiteElo "2549"]
[BlackElo "2563"]
[Result "1-0"]
[Round "7"]
[TimeControl "600+2"]
[Date "2023.03.13"]
[WhiteClock "0:02:21"]
[BlackClock "0:01:00"]

1. e4 e5 2. Nf3 Nc6 3. Bb5 a6 4. Ba4 Nge7 5. c3 Ng6 6. d4 exd4 7. cxd4 Bb4+ 8. Nc3 d5 9. O-O dxe4 10. Ng5 O-O 11. Bxc6 bxc6 12. Ngxe4 a5 13. a3 Be7 14. Qa4 Bd7 15. Nc5 Bd6 16. N3e4 Re8 17. Bg5 Qc8 18. Rfe1 h6 19. Bd2 Nh4 20. Nxd6 cxd6 21. Nxd7 Qxd7 22. d5 g5 23. dxc6 Qf5 24. Qd4 Re5 25. Bc3 Rae8 26. Rxe5 dxe5 27. Qd7 Re6 28. c7 Qe4 29. c8=Q+ Kg7 30. Qcb7 1-0


[Site "Internet"]